 Dungeon Crawl Stone Soup version 0.18.1-5-g4a78601 (webtiles) character file.

147108 dorian the Black Belt (level 16, -8/139 HPs)
             Began as a Red Draconian Transmuter on May 9, 2016.
             Was the Champion of Cheibriados.
             Mangled by a spriggan rider
             ... wielding a +0 spear
              (28 damage)
             ... on level 2 of the Swamp.
             The game lasted 01:47:47 (32443 turns).

dorian the Black Belt (Red Draconian Transmuter)   Turns: 32443, Time: 01:47:47

Health: -8/139     AC: 16    Str: 28    XL:     16   Next: 91%
Magic:  21/27      EV: 28    Int: 33    God:    Cheibriados [******]
Gold:   401        SH:  0    Dex: 34    Spells: 9 memorised, 3 levels left

rFire  + . .     SeeInvis .       - Unarmed
rCold  . . .     Gourm    .     (armour unavailable)
rNeg   . . .     Faith    .     (shield currently unavailable)
rPois  +         Spirit   .     n - +2 hat {Int+3}
rElec  .         Dismiss  .     (no cloak)
rCorr  +         Reflect  .     (gloves currently unavailable)
SustAt .         Harm     .     o - +1 pair of boots {Fly}
MR     +....                    (no amulet)
Stlth  ++........               K - +3 ring of protection
                                U - ring of resist corrosion

@: blade hands, very slow, somewhat resistant to hostile enchantments,
unstealthy
A: breathe fire, unfitting armour, horns 1, agile 1, fire resistance 1, poison
resistance, cold-blooded, AC +9
a: Breathe Fire, End Transformation, Bend Time, Temporal Distortion, Slouch,
Step From Time, Renounce Religion, Evoke Flight


You were on level 2 of the Swamp.
You worshipped Cheibriados.
Cheibriados was exalted by your worship.
You were very hungry.
You had blades for hands.
You visited 7 branches of the dungeon, and saw 30 of its levels.
You also visited: Labyrinth.

You collected 2845 gold pieces.
You spent 2444 gold pieces at shops.

Inventory:

Missiles
 b - 22 arrows
 u - 8 javelins (quivered)
Armour
 a - a +2 buckler (melded)
 n - a +2 hat of intelligence (worn)
 o - a +1 pair of boots of flying (worn)
 D - a +0 pair of gloves (melded)
Rods
 O - a +0 rod of clouds (14/14)
   (You found it in a labyrinth)
Jewellery
 g - an uncursed ring of positive energy
 K - a +3 ring of protection (right scythe-like blade)
 U - a ring of resist corrosion (left scythe-like blade)
 X - an uncursed ring of sustain attributes
Wands
 h - a wand of enslavement (7/24)
 j - a wand of lightning (2/15)
 q - a wand of lightning (4/15)
 A - a wand of iceblast (10/15)
 I - a wand of paralysis (8/24)
 N - a wand of digging (8/24)
 T - a wand of digging (18/24)
 Z - a wand of acid (7/15)
Scrolls
 d - 6 scrolls of identify
 i - 6 scrolls of magic mapping
 l - 7 scrolls of remove curse
 F - 3 scrolls of fog
 G - a scroll of summoning
 Q - 6 scrolls of teleportation
 V - a scroll of blinking
 W - 2 scrolls of fear
Potions
 e - 9 potions of curing
 k - 2 potions of magic
 m - a potion of brilliance
 s - a potion of ambrosia
 t - 5 potions of might
 w - a potion of invisibility
 E - 5 potions of heal wounds
 H - a potion of lignification
 L - 2 potions of agility
Books
 f - an Akashic Record

   Spells                             Type                      Level
   a - Dispersal                      Translocation                6
   b - Malign Gateway                 Summoning/Translocation      7
   c - Disjunction                    Translocation                8
   d - Controlled Blink               Translocation                8
Comestibles
 c - 11 bread rations
 x - 2 meat rations


   Skills:
 + Level 11.9 Fighting
 + Level 12.0 Dodging
 - Level 5.2 Shields
 * Level 17.3 Unarmed Combat
 - Level 7.3 Spellcasting
 + Level 5.1 Charms
 - Level 12.6 Transmutations
 - Level 0.8 Air Magic
 - Level 11.0 Invocations


You had 3 spell levels left.
You knew the following spells:

 Your Spells              Type           Power        Failure   Level  Hunger
a - Beastly Appendage     Trmt           ######       4%          1    None
b - Sticks to Snakes      Trmt           #######.     6%          2    None
c - Ice Form              Ice/Trmt       ######..     24%         4    #......
d - Blade Hands           Trmt           #######...   14%         5    ####...
e - Passwall              Trmt/Erth      ######....   12%         2    None
f - Silence               Hex/Air        ##........   99%         5    ####...
g - Regeneration          Chrm/Necr      ####......   32%         3    None
h - Song of Slaying       Chrm           #####...     14%         2    None
i - Shroud of Golubria    Chrm/Tloc      ####......   21%         2    None


Dungeon Overview and Level Annotations

Branches:
Dungeon (15/15)            Temple (1/1) D:7            Lair (8/8) D:8
  Swamp (2/4) Lair:5       Spider (1/4) Lair:5        Slime (0/6) Lair:8
    Orc (2/2) D:12            Elf (1/3) Orc:2        Vaults (0/5) D:14
 Depths: D:15

Altars:
Ashenzari
Cheibriados
Dithmenos
Elyvilon
Fedhas
Gozag
Kikubaaqudgha
Makhleb
Nemelex Xobeh
Okawaru
Pakellas
Qazlal
Ru
Sif Muna
Trog
Vehumet
Xom
Yredelemnul
Zin
The Shining One
Beogh

Shops:
D:13 %*!   Orc:2 :([*

Portals:
Hell: Lair:8


Innate Abilities, Weirdness & Mutations

You can breathe blasts of fire.
Your fiery red scales are hard (AC +9).
Your body does not fit into most forms of armour.
Your flesh is heat resistant.
You are cold-blooded and may be slowed by cold attacks.
You have a pair of small horns on your head.
You are agile. (Dex +2)
Your system is resistant to poisons.


Message History

Your slash misses the spriggan rider.
The spriggan rider is lightly wounded.
The spiny frog completely misses you.
The spriggan rider hits you from afar with a spear!
The spriggan rider hits you with a spear!
* * * LOW HITPOINT WARNING * * *
You hit the spriggan rider. You headbutt the spriggan rider.
Your tail-slap misses the spriggan rider.
The spriggan rider is moderately wounded.
The spiny frog stings you!!
* * * LOW HITPOINT WARNING * * *
You closely miss the spriggan rider. You headbutt the spriggan rider.
You slash the spriggan rider!
The spriggan rider is heavily wounded.
The spriggan rider completely misses you. x2
The spiny frog closely misses you.
You slash the spriggan rider! You tail-slap the spriggan rider!
The spriggan rider is severely wounded.
The spriggan rider hits you from afar with a spear!!
You die...

♣♣♣♣♣ ♣♣♣♣...♣♣♣ ♣♣♣♣♣♣♣
♣.≈.!@...♣♣♣♣....≈♣♣
♣≈.≈..)Fii..♣........♣♣
..♣♣...≈≈≈≈....≈♣.≈≈≈.♣♣
♣..(≈≈≈≈≈≈.♣♣♣.≈≈≈..♣
♣≈..≈≈§≈≈≈♣♣ ♣≈≈≈≈..≈
.≈..≈≈≈≈.≈≈♣ ♣.≈≈≈...
≈≈≈≈≈≈≈≈≈.≈.≈♣ ♣≈.≈≈≈..
≈≈≈≈≈≈≈≈.≈..≈♣ ♣♣♣.≈≈[.
≈≈§.≈≈♣.≈♣. ♣..≈≈.


You could see 2 spriggan riders and a spiny frog.

Vanquished Creatures
  Rupert (Lair:3)
  Gastronok (Lair:3)
  Frances (D:13)
  Kirke (D:13)
  An orc warlord (Orc:2)
  A deep elf sorcerer (Elf:1)
  The ghost of Arial99 the Eclecticist, a journeyman DECj of Vehumet (D:13)
  Snorg (D:14)
  A dire elephant (Lair:8)
  2 deep elf death magi (Elf:1)
  A deep elf high priest (Elf:1)
  A vault guard (D:14)
  The ghost of profreshinal the Frost Mage, a journeyman DsIE of Ru (Lair:2)
  10 hydras
  A catoblepas (Lair:6)
  3 centaur warriors
  A ghost crab (Swamp:1)
  A death knight (D:14)
  19 death yaks
  2 alligators (Swamp:1)
  3 orc high priests
  A queen ant (Lair:1)
  6 dancing weapons (Elf:1)
  Sonja (Lair:4)
  3 deep elf knights (Elf:1)
  2 spriggans (Swamp:2)
  Pikel (D:5)
  An orange crystal statue (D:11)
  6 deep elf archers (Elf:1)
  6 hill giants
  A shambling mangrove (Swamp:2)
  6 orc knights
  A wolf spider zombie (D:14)
  5 orc sorcerers
  A griffon (D:14)
  31 deep elf magi
  A wizard (Lair:8)
  2 hornets
  7 ugly things
  2 manticores
  A sixfirhy (Lair:8)
  14 elephants
  3 centaur zombies
  3 cyclopes
  Psyche (D:8)
  2 orange demons (Lair:8)
  A smoke demon (Lair:8)
  8 black mambas
  A torpor snail (Lair:6)
  A gargoyle (D:8)
  10 komodo dragons
  18 spiny frogs
  7 rime drakes
  A hellwing (Lair:8)
  A kobold demonologist (D:12)
  4 ice devils (Lair:8)
  2 freezing wraiths (D:14)
  A tengu conjurer (D:13)
  2 red devils (Lair:8)
  A jumping spider (Spider:1)
  4 trolls
  A queen bee (D:13)
  2 polar bears
  Grinder (D:3)
  5 giant leeches
  2 two-headed ogres
  15 blink frogs
  12 slime creatures
  3 bog bodies
  2 redbacks (Lair:5)
  Sigmund (D:2)
  A shadow (D:14)
  A wraith (D:14)
  49 yaks
  2 air elementals (Elf:1)
  A wyvern (Lair:3)
  A basilisk (Lair:5)
  3 hogs (D:13)
  3 water elementals (Elf:1)
  2 hungry ghosts
  A fire elemental (Elf:1)
  A hippogriff (shapeshifter) (D:14)
  6 vampire mosquitoes
  6 wargs
  2 mottled dragons (D:14)
  3 swamp worms
  Menkaure (D:7)
  12 hippogriffs
  6 soldier ants
  16 water moccasins
  2 hell hounds (Lair:8)
  11 porcupines
  3 swamp drakes
  6 wasps
  4 ice beasts
  31 orc warriors
  3 sky beasts
  A black bear (D:7)
  20 wolves
  10 ogres
  2 eyes of draining
  8 centaurs
  3 phantoms
  29 crocodiles
  A big kobold (D:13)
  An earth elemental (Elf:1)
  26 giant frogs
  17 killer bees
  5 scorpions
  8 wights
  6 howler monkeys
  An electric eel (Lair:1)
  6 crimson imps
  A giant frog zombie (D:11)
  2 quasits
  A wasp zombie (D:10)
  22 orc priests
  6 hounds
  14 jellies
  4 centaur skeletons
  2 giant frog skeletons
  14 iguanas
  30 orc wizards
  27 worker ants
  A killer bee zombie (D:7)
  20 sheep
  2 hound zombies
  A hound skeleton (D:6)
  A howler monkey zombie (D:8)
  7 gnolls
  22 adders
  84 river rats
  6 shadow imps
  A white imp (D:5)
  2 oozes
  2 adder skeletons
  4 worms
  3 dart slugs
  6 giant geckos
  91 orcs
  4 giant cockroaches
  7 goblins
  5 hobgoblins
  10 jackals
  13 kobolds
  3 quokkas
  6 bats
  3 giant newts
  A jackal skeleton (D:4)
  3 quokka skeletons
  2 quokka zombies
  5 rats
  2 fungi
1029 creatures vanquished.

Vanquished Creatures (collateral kills)
  An orc wizard (D:9)
1 creature vanquished.

Vanquished Creatures (others)
  A minotaur (Lab)
  2 orcs (D:5)
  22 fungi
  27 plants
52 creatures vanquished.

Grand Total: 1082 creatures vanquished

Notes
Turn   | Place    | Note
--------------------------------------------------------------
     0 | D:1      | dorian the Draconian Transmuter began the quest for the Orb.
     0 | D:1      | Reached XP level 1. HP: 16/16 MP: 3/3
   171 | D:1      | Reached XP level 2. HP: 20/23 MP: 5/5
   651 | D:2      | Reached skill level 4 in Unarmed Combat
   702 | D:2      | Reached XP level 3. HP: 26/28 MP: 4/6
   757 | D:2      | Learned a level 2 spell: Sticks to Snakes
   922 | D:2      | Found a basalt altar of Yredelemnul.
   926 | D:2      | Found an oddly glowing altar of Pakellas.
   930 | D:2      | Found an opulent altar of Gozag.
   948 | D:2      | Noticed Sigmund
  1343 | D:3      | Reached skill level 5 in Unarmed Combat
  1343 | D:3      | Reached XP level 4. HP: 33/35 MP: 7/7
  1557 | D:3      | Found a white marble altar of Elyvilon.
  1576 | D:3      | Noticed Grinder
  1586 | D:3      | Paralysed by Grinder for 5 turns
  1609 | D:3      | Paralysed by Grinder for 5 turns
  1624 | D:3      | Paralysed by Grinder for 2 turns
  1628 | D:3      | Killed Grinder
  1628 | D:3      | Reached skill level 6 in Unarmed Combat
  1628 | D:3      | Reached XP level 5. HP: 16/40 MP: 8/8
  1628 | D:3      | Reached XP level 6. HP: 19/47 MP: 9/9
  2207 | D:3      | Learned a level 4 spell: Ice Form
  2266 | D:4      | Reached skill level 7 in Unarmed Combat
  3151 | D:4      | Your scales start taking on a fiery red colour.
  3151 | D:4      | Reached XP level 7. HP: 52/52 MP: 10/10
  3151 | D:4      | Gained mutation: Your flesh is heat resistant. [Red Draconian growth]
  3212 | D:4      | Reached skill level 8 in Unarmed Combat
  3422 | D:5      | Entered Level 5 of the Dungeon
  4841 | D:5      | Noticed Pikel
  4865 | D:5      | Killed Pikel
  4865 | D:5      | Reached skill level 9 in Unarmed Combat
  4865 | D:5      | Reached skill level 5 in Transmutations
  4865 | D:5      | Reached XP level 8. HP: 13/59 MP: 5/11
  5194 | D:6      | Found a glowing golden altar of the Shining One.
  5194 | D:6      | Found an iron altar of Okawaru.
  5195 | D:6      | Found a shattered altar of Ashenzari.
  5440 | D:6      | Reached skill level 10 in Unarmed Combat
  5603 | D:6      | Found a deep blue altar of Sif Muna.
  6329 | D:7      | Reached XP level 9. HP: 64/64 MP: 12/12
  6374 | D:7      | Noticed Menkaure
  6382 | D:7      | Killed Menkaure
  6517 | D:7      | Reached skill level 11 in Unarmed Combat
  6819 | D:7      | Gained mutation: You are frail (-10% HP). [mutagenic meat]
  6820 | D:7      | Lost mutation: You are frail (-10% HP). [mutagenic meat]
  6821 | D:7      | Gained mutation: You have a pair of small horns on your head. [mutagenic meat]
  6822 | D:7      | Gained mutation: You are agile. (Dex +2) [mutagenic meat]
  7078 | D:7      | Found a staircase to the Ecumenical Temple.
  7083 | Temple   | Entered the Ecumenical Temple
  7176 | Temple   | Became a worshipper of Cheibriados the Contemplative
  7351 | D:7      | Learned a level 5 spell: Blade Hands
  7381 | D:8      | Reached skill level 1 in Invocations
  7586 | D:8      | Noticed Psyche
  7601 | D:8      | Killed Psyche
  7775 | D:8      | Found a staircase to the Lair.
  8092 | D:8      | Reached * piety under Cheibriados
  8127 | D:8      | Reached XP level 10. HP: 77/78 MP: 13/13
  8645 | D:8      | Identified a scroll of acquirement
  8680 | D:9      | Found a shadowy altar of Dithmenos.
  9031 | D:9      | Reached ** piety under Cheibriados
  9915 | Lair:1   | Entered Level 1 of the Lair of Beasts
 10305 | Lair:1   | Noticed a six-headed hydra
 10312 | Lair:1   | Killed a six-headed hydra
 10312 | Lair:1   | Reached skill level 5 in Invocations
 10718 | Lair:1   | Noticed a black mamba
 10727 | Lair:1   | Noticed a queen ant
 10731 | Lair:1   | Killed a black mamba
 10739 | Lair:1   | Killed a queen ant
 10739 | Lair:1   | Reached *** piety under Cheibriados
 10739 | Lair:1   | Reached skill level 5 in Dodging
 10739 | Lair:1   | Reached XP level 11. HP: 45/84 MP: 17/17
 11099 | Lair:1   | Reached skill level 10 in Transmutations
 11381 | Lair:1   | Reached **** piety under Cheibriados
 11728 | Lair:2   | Reached skill level 5 in Spellcasting
 12071 | Lair:2   | Learned a level 2 spell: Passwall
 12099 | Lair:2   | Noticed profreshinal's ghost (journeyman DsIE)
 12107 | Lair:2   | Killed profreshinal's ghost
 12107 | Lair:2   | Reached ***** piety under Cheibriados
 12565 | Lair:2   | Noticed a death yak
 12567 | Lair:2   | Noticed a death yak
 12567 | Lair:2   | Noticed a death yak
 12568 | Lair:2   | Noticed a death yak
 12590 | Lair:2   | Noticed a death yak
 12599 | Lair:2   | Killed a death yak
 12609 | Lair:2   | Killed a death yak
 12614 | Lair:2   | Killed a death yak
 12614 | Lair:2   | Reached XP level 12. HP: 57/91 MP: 18/21
 12618 | Lair:2   | Killed a death yak
 12624 | Lair:2   | Killed a death yak
 12985 | Lair:3   | Noticed Rupert
 12996 | Lair:3   | Noticed a six-headed hydra
 12998 | Lair:3   | Killed Rupert
 12998 | Lair:3   | Reached skill level 10 in Invocations
 13007 | Lair:3   | Killed a six-headed hydra
 13503 | Lair:3   | Noticed Gastronok
 13523 | Lair:3   | Killed Gastronok
 14115 | Lair:3   | Noticed an eight-headed hydra
 14127 | Lair:3   | Killed an eight-headed hydra
 14544 | Lair:3   | Reached skill level 5 in Fighting
 14722 | Lair:4   | Noticed Sonja
 14736 | Lair:4   | Found a labyrinth entrance.
 14739 | Lair:4   | Killed Sonja
 14748 | Lab      | Entered a labyrinth
 15127 | Lab      | Noticed a minotaur
 15131 | Lab      | Killed a minotaur
 15343 | Lair:4   | Reached XP level 13. HP: 100/100 MP: 18/24
 15404 | Lair:4   | Reached ****** piety under Cheibriados
 15461 | Lair:4   | Reached skill level 12 in Unarmed Combat
 16222 | Lair:5   | Found a hole to the Spider Nest.
 16239 | Lair:5   | Found a staircase to the Swamp.
 17942 | Lair:6   | Reached skill level 13 in Unarmed Combat
 19530 | Lair:7   | Reached XP level 14. HP: 113/113 MP: 19/25
 19968 | Lair:8   | Entered Level 8 of the Lair of Beasts
 20290 | Lair:8   | Reached skill level 14 in Unarmed Combat
 20299 | Lair:8   | Reached skill level 10 in Dodging
 20661 | Lair:8   | Found a staircase to the Slime Pits.
 21650 | Lair:8   | Found a burning altar of Makhleb.
 22010 | Lair:8   | Found a gateway to Hell.
 22151 | Spider:1 | Entered Level 1 of the Spider Nest
 22198 | Swamp:1  | Entered Level 1 of the Swamp
 22216 | Swamp:1  | Reached XP level 15. HP: 65/124 MP: 22/26
 22218 | Swamp:1  | Reached skill level 15 in Unarmed Combat
 22774 | D:10     | Entered Level 10 of the Dungeon
 23266 | D:11     | Got a bloodstained quarterstaff
 23267 | D:11     | Identified the +4 quarterstaff "Meso" {drain, +Rage rElec rC+} (You found it on level 11 of the Dungeon)
 23350 | D:11     | Reached skill level 1 in Shields
 23506 | D:11     | Gained mutation: Your system is resistant to poisons. [mutagenic meat]
 24166 | D:12     | Found a roughly hewn altar of Beogh.
 24392 | D:12     | Found a staircase to the Orcish Mines.
 24611 | Orc:1    | Entered Level 1 of the Orcish Mines
 25197 | Orc:2    | Entered Level 2 of the Orcish Mines
 25350 | Orc:2    | Reached skill level 10 in Fighting
 25418 | Orc:2    | Found Udghu's Antique Weapon Emporium.
 25581 | Orc:2    | Found Leoz's General Store.
 25623 | Orc:2    | Found Ugefuc's Antique Armour Boutique.
 25774 | Orc:2    | Bought a pair of slimy boots for 313 gold pieces
 25774 | Orc:2    | Bought a shiny buckler for 148 gold pieces
 25774 | Orc:2    | Bought a pair of runed boots for 148 gold pieces
 25836 | Orc:1    | Identified the cursed +0 pair of boots "Gaeliot" {-Cast rC++ rN+} (You bought it in a shop on level 2 of the Orcish Mines)
 26024 | Orc:2    | Noticed an orc warlord
 26054 | Orc:2    | Killed an orc warlord
 26092 | Orc:2    | Found Dieconoj's Book Boutique.
 26193 | Orc:2    | Found a staircase to the Elven Halls.
 26437 | Orc:2    | Bought a book of the Sky for 1040 gold pieces
 26443 | Orc:2    | Learned a level 5 spell: Silence
 26483 | Elf:1    | Entered Level 1 of the Elven Halls
 26535 | Elf:1    | Found a radiant altar of Vehumet.
 26584 | Elf:1    | Reached skill level 16 in Unarmed Combat
 26605 | Elf:1    | Learned a level 3 spell: Regeneration
 26608 | Elf:1    | Learned a level 2 spell: Song of Slaying
 26948 | Elf:1    | Reached skill level 1 in Charms
 27264 | Elf:1    | Noticed a deep elf sorcerer
 27267 | Elf:1    | Killed a deep elf sorcerer
 27267 | Elf:1    | Reached XP level 16. HP: 67/136 MP: 6/27
 27833 | Elf:1    | Reached skill level 5 in Shields
 28642 | D:13     | Found Seuloeg's Food Shoppe.
 28888 | D:13     | Found Qixt's Distillery.
 28907 | D:13     | Bought a potion of curing for 45 gold pieces
 28907 | D:13     | Bought a potion of curing for 45 gold pieces
 28907 | D:13     | Bought a potion of heal wounds for 75 gold pieces
 28907 | D:13     | Bought a potion of curing for 45 gold pieces
 28907 | D:13     | Bought 2 potions of mutation for 75 gold pieces
 28907 | D:13     | Bought a potion of heal wounds for 75 gold pieces
 28921 | D:13     | Noticed Arial99's ghost (journeyman DECj)
 28930 | D:13     | Killed Arial99's ghost
 29081 | D:13     | Found a basalt altar of Yredelemnul.
 29531 | D:13     | Noticed Frances
 29541 | D:13     | Noticed Kirke
 29551 | D:13     | Killed Frances
 29566 | D:13     | Killed Kirke
 29824 | D:13     | Found Siaff's Assorted Antiques.
 29836 | D:13     | Bought a paperback book for 435 gold pieces
 30152 | D:14     | Reached skill level 17 in Unarmed Combat
 30228 | D:14     | Noticed Snorg
 30235 | D:14     | Killed Snorg
 30585 | D:14     | Found a gate to the Vaults.
 30632 | D:15     | Entered Level 15 of the Dungeon
 30957 | D:2      | Killed Sigmund
 31606 | Lair:1   | Learned a level 2 spell: Shroud of Golubria
 32036 | Swamp:1  | Reached skill level 5 in Charms
 32443 | Swamp:2  | Mangled by a spriggan rider

Skill      XL: |  1  2  3  4  5  6  7  8  9 10 11 12 13 14 15 16 |
---------------+-------------------------------------------------+-----
Unarmed Combat | 4 5 6 7 9 10 11 13 14 16 17 | 17.3
Transmutations | 5 6 7 9 10 11 12 | 12.6
Dodging        | 3 5 6 8 9 10 11 12 | 12.0
Invocations    | 3 5 9 11 | 11.0
Fighting       | 3 4 5 7 9 10 11 | 11.9
Spellcasting   | 4 6 7 |  7.3
Shields        | 4 5 |  5.2
Charms         | 2 5 |  5.1
Air Magic      | |  0.8

Action                   |  1- 3 |  4- 6 |  7- 9 | 10-12 | 13-15 | 16-18 || total
-------------------------+-------+-------+-------+-------+-------+-------++-------
Melee: Unarmed           |   107 |   133 |   337 |   495 |  1008 |   357 ||  2437
       Tailslap          |     8 |    13 |    42 |   108 |   180 |    67 ||   418
       Kick              |     4 |    11 |    39 |    34 |       |       ||    88
       Headbutt          |     2 |     2 |    18 |   147 |   216 |   102 ||   487
       Punch             |     1 |     5 |    12 |    35 |    80 |    18 ||   151
Throw: Tomahawk          |       |     1 |     2 |     9 |    15 |     3 ||    30
       Javelin           |       |       |       |       |       |     1 ||     1
 Cast: Beastly Appendage |     7 |    10 |    27 |    10 |       |       ||    54
       Sticks to Snakes  |       |       |    10 |    24 |       |       ||    34
       Ice Form          |       |       |       |     4 |    18 |     1 ||    23
       Blade Hands       |       |       |       |    29 |    76 |    41 ||   146
       Regeneration      |       |       |       |       |       |     3 ||     3
       Shroud of Golubri |       |       |       |       |       |     1 ||     1
Invok: Slouch            |       |       |       |     2 |    14 |     5 ||    21
 Abil: Breathe Fire      |       |       |    26 |    11 |    13 |     5 ||    55
       End Transformatio |       |       |       |     2 |     4 |     2 ||     8
Evoke: Wand              |       |       |       |     1 |       |     1 ||     2
  Use: Potion            |     1 |     2 |     1 |     4 |     2 |       ||    10
       Scroll            |     5 |     5 |     4 |    14 |    11 |     3 ||    42
 Stab: Sleeping          |     1 |     1 |     2 |     4 |    15 |     2 ||    25
       Distracted        |       |       |       |     3 |     2 |       ||     5
       Confused          |       |       |       |       |       |     1 ||     1
  Eat: Chunk             |     2 |     5 |    17 |    20 |    21 |    14 ||    79
       Beef jerky        |       |     1 |       |       |     9 |       ||    10
       Fruit             |       |       |     3 |       |       |       ||     3
       Pizza             |       |       |     1 |     2 |     2 |     3 ||     8
       Bread ration      |       |       |     1 |       |       |       ||     1
       Royal jelly       |       |       |       |       |     1 |       ||     1
Armor: Skin              |    32 |    31 |    93 |    89 |   158 |    55 ||   458
Dodge: Dodged            |    73 |    57 |   168 |   338 |   952 |   311 ||  1899
Block: Buckler           |       |       |       |       |     5 |    39 ||    44
